 Dungeon Crawl Stone Soup version 0.31.0-11-ge490571c62 (webtiles) character file.

Game seed: 9949664269724322981

1 mopl the Caller (level 1, -1/10 HPs)
             Began as a Tengu Summoner on Feb 7, 2024.
             Slain by a hobgoblin (5 damage)
             ... on level 1 of the Dungeon.
             The game lasted 00:00:09 (42 turns).

mopl the Caller (Tengu Summoner)                      Turns: 42, Time: 00:00:10

Health: -1/10      AC:  2    Str:  8    XL:     1   Next: 20%
Magic:  3/4        EV: 27    Int: 15    God:
Gold:   0          SH:  0    Dex: 14    Spells: 3/4 levels left

rFire   . . .        (no weapon)
rCold   . . .        (no shield)
rNeg    . . .        a - +0 robe
rPois   .            (helmet restricted)
rElec   .            (no cloak)
rCorr   .            (no gloves)
SInv    .            (boots unavailable)
Will    .....        (no amulet)
Stlth   ++           (no ring)
HPRegen 0.21/turn    (no ring)
MPRegen 0.09/turn

%: acrobat
@: acrobatic
A: beak, talons 3, acrobatic
a: no special abilities


You were on level 1 of the Dungeon.
You visited 1 branch of the dungeon, and saw 1 of its levels.

Inventory:

Armour
 a - a +0 robe (worn)
Scrolls
 c - a scroll of blinking {unknown}
Potions
 b - a potion of magic


   Skills:
 - Level 2.1 Dodging
 - Level 2.0 Stealth
 + Level 2.0 Spellcasting
 + Level 4.8 Summonings


You had 3 spell levels left.
You knew the following spells:

 Your Spells              Type           Power      Damage    Failure   Level
a - Summon Small Mammal   Summ           64%        N/A       3%          1

Your spell library contained the following spells:

 Spells                   Type           Power      Damage    Failure   Level
 Call Imp                 Summ           32%        N/A       4%          2
 Call Canine Familiar     Summ           16%        N/A       9%          3
 Summon Blazeheart Golem  Fire/Summ      8%         N/A       63%         4
 Summon Lightning Spire   Summ/Air       8%         N/A       63%         4


Dungeon Overview and Level Annotations

Branches:
Dungeon (1/15)

Altars:


Innate Abilities, Weirdness & Mutations

You have a beak for a mouth.
You have claws for feet.
You can magically evade attacks while moving or waiting.


Message History

The ball python completely misses you. The ball python misses you.
The ball python barely misses you. The ball python completely misses you.
You hit the ball python. You claw the ball python.
The ball python is heavily wounded.
The ball python bites you but does no damage.
The ball python grabs you. The ball python constricts you.
You closely miss the ball python.
The ball python is heavily wounded.
The ball python barely misses you. The ball python constricts you.
You closely miss the ball python. You claw the ball python.
You kill the ball python!
No target in view!
No target in view!
HP restored.
c - a scroll labelled QEFUIZXOQEI An endoplasm comes into view.
An endoplasm is nearby!
A hobgoblin comes into view.
Found a scroll labelled FEHYSHI XAENIA.
An endoplasm comes into view.
The hobgoblin shouts!
The endoplasm quivers.
Your bat hits the hobgoblin but does no damage.
You hit the hobgoblin but do no damage. Your kick misses the hobgoblin.
Your bat hits the hobgoblin but does no damage.
The hobgoblin hits you.
You hit the endoplasm. Your peck misses the endoplasm.
The endoplasm is lightly wounded.
Your bat hits the endoplasm. The hobgoblin hits you. The endoplasm hits you.
* * * LOW HITPOINT WARNING * * *
You are too injured to fight recklessly!
The hobgoblin attacks as it pursues you!
The hobgoblin misses you.
The endoplasm hits your bat but does no damage.
Your bat hits the endoplasm but does no damage. x2
The endoplasm hits your bat.
The hobgoblin attacks as it pursues you!
The hobgoblin hits you.
Ouch! That really hurt!
You die...

##...#..........#
#.#####...............#
.......................#
...?....................
.............###........
.............# #........
.............###........
.....!..............>..#
.......bg@...#.#.......#
......J.##...#.#.########
........##...#.#.# ####.#.
.............#.#.# #<....#
....J........#.#.####.##..
...##........#.##..#..# ..
#........#.###...## .
#.......##.# ###.#
#.......##.# #.#


You could see 2 endoplasms, a hobgoblin and a friendly bat (summoned).

Vanquished Creatures
  A ball python (D:1)
1 creature vanquished.

Notes
Turn   | Place    | Note
-------+----------+-------------------------------------------
     0 | D:1      | mopl the Tengu Summoner began the quest for the Orb.
     0 | D:1      | Reached XP level 1. HP: 10/10 MP: 4/4
    42 | D:1      | Slain by a hobgoblin

Illustrated notes

Levels and vault maps discovered:
D:1:      dpeg_arrival_round_a, layout_basic, chequers_serial_rivers_micro_c,
          nicolae_eternal_life, hangedman_decor_peaks_small

Action                     || total
---------------------------++-------
  Melee: Unarmed           ||     5
         Kick              ||     2
   Cast: Summon Small Mamm ||     1
 Armour: Robe              ||     5
  Dodge: Dodged            ||     6
